 Dungeon Crawl Stone Soup version 0.22.0 (webtiles) character file.

93 Lew the Skirmisher (level 4, -3/37 HPs)
             Began as a Formicid Abyssal Knight on Aug 10, 2018.
             Was a Believer of Lugonu.
             Slain by an ogre
             ... wielding a +0 giant club
              (21 damage)
             ... on level 2 of the Dungeon.
             The game lasted 00:05:57 (1855 turns).

Lew the Skirmisher (Formicid Abyssal Knight)        Turns: 1855, Time: 00:05:58

Health: -3/37      AC:  6    Str: 18    XL:     4   Next: 91%
Magic:  5/5        EV: 11    Int: 11    God:    Lugonu [**....]
Gold:   92         SH:  0    Dex: 10    Spells: 3/3 levels left

rFire    . . .     SeeInvis +   a - +1 falchion
rCold    . . .     Gourm    .   (no shield)
rNeg     . . .     Faith    .   d - +1 ring mail
rPois    .         Spirit   .   (helmet unavailable)
rElec    .         Reflect  .   (no cloak)
rCorr    .         Harm     .   (no gloves)
MR       .....                  (no boots)
Stlth    +.........             (no amulet)
HPRegen  0.12/turn              (no ring)
MPRegen  0.09/turn              (no ring)

@: no status effects
A: permanent stasis, dig shafts and tunnels, four strong arms, antennae 3
a: Dig, Shaft Self, Depart the Abyss, Bend Space, Renounce Religion


You were on level 2 of the Dungeon.
You worshipped Lugonu.
Lugonu was pleased with you.
You were not hungry.

You visited 1 branch of the dungeon, and saw 2 of its levels.
You visited the Abyss 1 time.

You collected 92 gold pieces.

Inventory:

Hand Weapons
 a - a +1 falchion (weapon)
 h - a +2 short sword of protection
Armour
 d - a +1 ring mail (worn)
Scrolls
 e - 2 scrolls of identify {unknown}
 g - a scroll of noise {unknown}
 i - a scroll of remove curse
Potions
 b - a potion of ambrosia
 f - 3 potions of haste {unknown}
 j - a potion of agility {unknown}
Comestibles
 c - 3 rations


   Skills:
 * Level 3.8 Fighting
 * Level 2.7 Long Blades
 * Level 2.9 Armour
 + Level 1.6 Dodging
 * Level 2.0 Stealth
 + Level 2.6 Invocations


You had 3 spell levels left.
You didn't know any spells.
Your spell library was empty.

Dungeon Overview and Level Annotations

Branches:
Dungeon (2/15)

Altars:


Innate Abilities, Weirdness & Mutations

You cannot be hasted, slowed, berserked, paralysed or teleported.
You can dig through walls and to a lower floor.
Your four strong arms can wield two-handed weapons with a shield.
You have a pair of large antennae on your head. (SInv)


Message History

A bat comes into view.
You barely miss the ogre.
The ogre is moderately wounded.
The ogre closely misses you.
You hit the ogre.
The ogre is heavily wounded.
The ogre hits you with a giant club!!
Ouch! That really hurt!
You are too injured to fight recklessly!
You hit the ogre.
The ogre is severely wounded.
The ogre misses you.
You hit the ogre.
The ogre is almost dead.
The ogre closely misses you.
You hit the ogre but do no damage.
The ogre is almost dead.
The ogre hits you with a giant club!!
Ouch! That really hurt!
You die...

##...############
#....#.....#
.#.#....#.....#
.........#.....#
...............#
###..###>#.....###
#.. ...........#
##.###.##....#.#
#. #.##{...#@#
#.###.###O# #.#
#.# #.# #. #.. ...
## #.# ..# ###


You could see an ogre.

Vanquished Creatures
  4 adders (D:2)
  2 dart slugs (D:1)
  2 leopard geckos (D:1)
  4 giant cockroaches
  6 goblins
  6 hobgoblins
  8 jackals
  A quokka (D:1)
  6 bats
  2 kobolds (D:2)
  9 rats
50 creatures vanquished.

Notes
Turn   | Place    | Note
-------+----------+-------------------------------------------
     0 | Abyss:1  | Lew the Formicid Abyssal Knight began the quest for the Orb.
     0 | Abyss:1  | Reached XP level 1. HP: 18/18 MP: 2/2
    12 | D:1      | Escaped the Abyss
    70 | D:1      | Reached skill level 1 in Dodging
    90 | D:1      | Reached XP level 2. HP: 24/24 MP: 3/3
   366 | D:1      | Reached skill level 1 in Stealth
   597 | D:1      | Reached ** piety under Lugonu
   597 | D:1      | Reached XP level 3. HP: 20/29 MP: 4/4
  1289 | D:2      | Found a faded altar of an unknown god.
  1318 | D:2      | Reached XP level 4. HP: 30/37 MP: 5/5
  1845 | D:2      | Noticed an ogre
  1855 | D:2      | Slain by an ogre

Skill      XL: |  1  2  3  4 |
---------------+-------------+-----
Dodging        | 1 |  1.6
Stealth        | 1 2 |  2.0
Fighting       | |  3.8
Long Blades    | |  2.7
Armour         | |  2.9
Invocations    | |  2.6

Action                   |  1- 3 |  4- 6 || total
-------------------------+-------+-------++-------
Melee: Falchion          |    91 |    57 ||   148
       Hand axe          |    26 |       ||    26
  Use: Scroll            |     2 |       ||     2
       Potion            |     2 |       ||     2
 Stab: Sleeping          |     2 |       ||     2
  Eat: Chunk             |     1 |     1 ||     2
       Ration            |       |     1 ||     1
Armor: Leather armour    |     4 |       ||     4
       Ring mail         |    59 |    28 ||    87
Dodge: Dodged            |    83 |    33 ||   116
       Rpst.: Falchion   |    18 |    13 ||    31
